 Dungeon Crawl Stone Soup version 0.31.0-32-g396128a36d (webtiles) character file.

Game seed: 17004825250821668651

1715281 kftrendy the Hoplite (level 27, 161/161 HPs)
             Began as a Vine Stalker Berserker on Apr 16, 2024.
             Was a High Priest of Trog.
             Escaped with the Orb
             ... and 3 runes on Apr 18, 2024!
             The game lasted 04:43:39 (69431 turns).

kftrendy the Hoplite (Vine Stalker Berserker)      Turns: 69431, Time: 04:43:39

Health: 161/161    AC: 50    Str: 27    XL:     27
Magic:  34/34      EV: 19    Int:  5    God:    Trog [*****.]
Gold:   7249       SH: 30    Dex: 15    Spells: 26/26 levels left

rFire   + + +        U - +9 quick blade (drain)
rCold   + + +        l - +2 tower shield {AC+3}
rNeg    + + +        V - +5 crystal plate armour
rPois   +            T - +3 hat of Pondering {ponderous, Will+ MP+10 Int+5}
rElec   +            f - +0 cloak of Wineriec {rC+ rN+ Regen+ Str-5}
rCorr   +            p - +2 pair of gloves of the Cockroach {rElec rF++ rCorr Str-5}
SInv    .            H - +2 pair of boots {rampage}
Will    +++++        g - amulet of reflection Stlth
                     m - ring of Wokkanwe {Fly rN+++ Will+ EV+5 Int-5}
HPRegen 2.06/turn    t - ring "Iliuresu" {rPois rC++ Will+ Str+6 Int-4}
MPRegen 0.24/turn

%: reflection, guardian spirit, rampage
@: flying, hasted (expiring), studying 4 skills, very quick
A: fangs 3, regeneration 1, magic shield, antimagic bite, no potion heal 2,
iridescent scales 1, deterioration 1, fire resistance 1
0: Orb of Zot
}: 3/15 runes: decaying, serpentine, silver
a: Renounce Religion, Berserk, Trog's Hand, Brothers in Arms


You escaped.
You worshipped Trog.
Trog was extremely pleased with you.
You visited 12 branches of the dungeon, and saw 52 of its levels.
You visited 1 bazaar.
You also visited: Trove, Sewer, Bailey and Wizlab.

You collected 9147 gold pieces.
You spent 1898 gold pieces at shops.

Inventory:

Hand Weapons
 U - a +9 quick blade of draining (weapon)
Missiles
 o - 17 atropa-tipped darts
 s - 32 boomerangs (quivered)
 v - 3 throwing nets
 w - 51 poisoned darts
 z - 6 datura-tipped darts
 J - 16 curare-tipped darts
 K - 19 darts of dispersal
Armour
 f - the +0 cloak of Wineriec (worn) {rC+ rN+ Regen+ Str-5}
   (You found it on level 1 of the Elven Halls)

   Str-5:     It affects your strength (-5).
   rC+:       It protects you from cold.
   rN+:       It protects you from negative energy.
   Regen+:    It increases your rate of health regeneration.
 l - a +2 tower shield of protection (worn)
 p - the +2 pair of gloves of the Cockroach (worn) {rElec rF++ rCorr Str-5}
   (You found it in a treasure trove)

   Str-5:     It affects your strength (-5).
   rF++:      It greatly protects you from fire.
   rElec:     It insulates you from electricity.
   rCorr:     It protects you from acid and corrosion.
 H - a +2 pair of boots of rampaging (worn)
 T - the +3 hat of Pondering (worn) {ponderous, Will+ MP+10 Int+5}
   (You took it off Gastronok on level 2 of the Lair of Beasts)

   Int+5:     It affects your intelligence (+5).
   Will+:     It increases your willpower.
   MP+10:     It affects your magic capacity (+10).
 V - a +5 crystal plate armour (worn)
Jewellery
 g - an amulet of reflection (around neck)
 m - the ring of Wokkanwe (left hand) {Fly rN+++ Will+ EV+5 Int-5}
   (You found it on level 2 of the Crypt)

   [ring of evasion]

   EV+5:      It affects your evasion (+5).
   Int-5:     It affects your intelligence (-5).
   rN+++:     It renders you almost immune to negative energy.
   Will+:     It increases your willpower.
   Fly:       It grants you flight.
 t - the ring "Iliuresu" (right hand) {rPois rC++ Will+ Str+6 Int-4}
   (You found it on level 4 of the Dungeon)

   [ring of strength]

   Str+6:     It affects your strength (+6).
   Int-4:     It affects your intelligence (-4).
   rC++:      It greatly protects you from cold.
   rPois:     It protects you from poison Will+: It increases your willpower.
 x - the ring of Gotrioda {rC- Will+ Dex+3 Slay+3}
   (You found it on level 2 of the Depths)

   [ring of willpower]

   Dex+3:     It affects your dexterity (+3).
   Slay+3:    It affects your accuracy & damage with ranged weapons and melee
   (+3).
   rC-:       It makes you vulnerable to cold.
   Will+:     It increases your willpower.
 y - the ring of Zemec {rElec Int+6 Dex+5}
   (You found it on level 3 of the Elven Halls)

   [ring of intelligence]

   Int+6:     It affects your intelligence (+6).
   Dex+5:     It affects your dexterity (+5).
   rElec:     It insulates you from electricity.
 B - the ring of Noon {EV+5 Dex+4 SInv}
   (You acquired it on level 5 of the Lair of Beasts)

   [ring of evasion]

   EV+5:      It affects your evasion (+5).
   Dex+4:     It affects your dexterity (+4).
   SInv:      It lets you see invisible.
 C - the ring of Zoehoaxt {rC+ Will+ rCorr Dex-5 SInv}
   (You took it off a yaktaur captain on level 5 of the Vaults)

   [ring of see invisible]

   Dex-5:     It affects your dexterity (-5).
   rC+:       It protects you from cold.
   Will+:     It increases your willpower.
   SInv:      It lets you see invisible.
   rCorr:     It protects you from acid and corrosion.
 F - the ring "Valolov" {Fly rN+ Will- Dex+2}
   (You found it in a wizard's laboratory)

   [ring of flight]

   Dex+2:     It affects your dexterity (+2).
   rN+:       It protects you from negative energy.
   Will-:     It decreases your willpower.
   Fly:       It grants you flight.
 W - the ring of the Final Decision {^Contam +Blink rC+ rCorr Int+2}
   (You found it on level 5 of the Lair of Beasts)

   [ring of protection from cold]

   Int+2:     It affects your intelligence (+2).
   rC+:       It protects you from cold.
   +Blink:    It lets you blink.
   ^Contam:   It causes magical contamination when unequipped.
   rCorr:     It protects you from acid and corrosion.
Wands
 j - a wand of light (37)
 A - a wand of mindburst (30)
 E - a wand of polymorph (39)
 I - a wand of iceblast (49)
 S - a wand of paralysis (66)
 X - a wand of digging (25)
 Y - a wand of flame (22)
Scrolls
 a - 5 scrolls of blinking
 b - 2 scrolls of enchant weapon
 c - 12 scrolls of fog
 d - 2 scrolls of silence
 i - 15 scrolls of teleportation
 n - 9 scrolls of revelation
 r - 10 scrolls of poison
 D - 3 scrolls of fear
 P - 2 scrolls of summoning
Potions
 e - 20 potions of curing
 h - 3 potions of invisibility
 k - 15 potions of might
 q - 6 potions of resistance
 u - 5 potions of magic
 G - 4 potions of cancellation
 M - 5 potions of haste
 O - 6 potions of mutation
 Q - 9 potions of enlightenment
Miscellaneous
 N - a phial of floods
 R - a lightning rod (4/4)
 Z - a phantom mirror


   Skills:
 + Level 22.0 Fighting
 - Level 14.0 Short Blades
 + Level 21.7 Armour
 + Level 20.3 Dodging
 * Level 23.0 Shields
 - Level 14.0 Evocations


You had 26 spell levels left.
You didn't know any spells.
Your spell library was empty.

Dungeon Overview and Level Annotations

Branches:
Dungeon (15/15)            Temple (0/1) D:4            Lair (5/5) D:10
  Swamp (4/4) Lair:2        Snake (4/4) Lair:3        Slime (1/5) Lair:4
    Orc (2/2) D:9             Elf (3/3) Orc:2        Vaults (5/5) D:14
  Crypt (3/3) Vaults:2       Tomb (1/3) Crypt:3      Depths (4/4) D:15
    Zot (5/5) Depths:4      Sewer (visited)          Bailey (visited)
 WizLab (visited)

Altars:
Cheibriados
Dithmenos
Elyvilon
Hepliaklqana
Kikubaaqudgha
Qazlal
Sif Muna
Trog
Uskayaw
Vehumet
Yredelemnul
Zin
The Shining One
Lugonu

Shops:
D:4 (   Orc:2 !(**   Elf:1 ![*   Elf:3 (   Snake:2 :   Snake:3 (   Depths:3 :
Depths:4 [

Portals:
Hell: Depths:1 Depths:2 Depths:3 Depths:4
Abyss: Depths:1 Depths:3 Depths:4
Pandemonium: Depths:2 Depths:3 Depths:4
Ziggurat: Depths:1

Annotations:
Zot:4 3 runed translucent doors, Beuseq's ghost, master GnFi


Innate Abilities, Weirdness & Mutations

You have razor-sharp teeth.
Your natural rate of healing is unusually fast.
When hurt, damage is shared between your health and your magic reserves.
Your bite disrupts and absorbs the magic of your enemies.
Potions cannot restore your health.
You are partially covered in iridescent scales. (AC +2)
Your body sometimes deteriorates upon taking damage.
Your flesh is heat resistant. (rF+)


Message History

There is a stone staircase leading up here.
You fly upwards.
There is a stone staircase leading down here.
A great orb of eyes comes into view.
You feel yourself speed up.
Unknown command.
There is an open door here.
A soul eater comes into view.
You hit the soul eater but do no damage.
Your bite misses the soul eater. You barely miss the soul eater.
You bite the soul eater, but do no damage.
You hit the soul eater but do no damage.
Your bite misses the soul eater. You closely miss the soul eater.
You bite the soul eater, but do no damage.
You hit the soul eater but do no damage.
You bite the soul eater, but do no damage.
You hit the soul eater. Your bite misses the soul eater.
The soul eater is lightly wounded.
You hit the soul eater. Your bite misses the soul eater.
You barely miss the soul eater. You bite the soul eater!
The soul eater's magic leaks into the air.
You drain its magic.
The soul eater is heavily wounded.
You block the soul eater's attack.
You hit the soul eater but do no damage.
You bite the soul eater!!
The soul eater's magic leaks into the air.
You drain its magic.
You hit the soul eater but do no damage.
You bite the soul eater.
The soul eater's magic leaks into the air.
You drain its magic.
The soul eater is almost dead.
You hit the soul eater but do no damage.
You bite the soul eater.
You kill the soul eater!
Trog accepts your kill.
There is a staircase leading out of the dungeon here.
Your extra speed is starting to run out.
You have escaped!

#.# #......##.....#.#.....#
######.# #......##.#............
.......# #.#.#.###.....#.#)....(
#.###### #......##.#............
#.# #......##.##..........# #.#
###.##.##.#...........# #.#
#......##.#.##.###....# #.#
#......##.#.##.###....# #.#
###...@##...........### #.#
#......####.##.........
#.#########......##..............
#........##.#.#####.#.###........
#######.###......##.#.##.........
#.# #......##.#.##......... #.#
##..##.##.............. #.#
#......#####........... #.#
#......# #...........


There were no monsters in sight!

Vanquished Creatures
  5 dread liches
  Khufu (Tomb:1)
  4 ancient liches
  Frederick (Depths:3)
  7 orbs of fire
  3 royal mummies (Tomb:1)
  Xtahua (Crypt:2)
  Vv (Depths:4)
  Saint Roka (Snake:4)
  7 Killer Klowns
  5 caustic shrikes (Depths:4)
  8 golden dragons
  Nikola (Elf:1)
  A profane servitor (D:7)
  Jory (Crypt:3)
  A bone dragon (Depths:2)
  A Cloud Mage (WizLab)
  2 doom hounds (Zot:3)
  4 electric golems
  An Ice Fiend (Zot:1)
  A shard shrike zombie (Crypt:3)
  19 tentacled monstrosities
  Zenata (Elf:2)
  28 Orb Guardians
  Rupert (D:13)
  Grunn (Zot:3)
  11 liches
  3 deep elf blademasters
  13 quicksilver dragons
  4 deep elf master archers (Elf:3)
  A walking earthen tome (Depths:3)
  3 titans
  8 sphinxes
  An ancient champion (Crypt:2)
  An acid blob (Lair:4)
  Gastronok (Lair:2)
  5 tengu reavers
  3 death cobs
  13 shadow dragons
  Donald (Swamp:4)
  15 storm dragons
  5 revenants
  4 fenstrider witches
  3 nagarajas (Snake:4)
  3 draconian monks
  11 deep elf sorcerers
  14 fire giants
  10 protean progenitors
  5 draconian knights
  10 frost giants
  6 draconian shifters
  An iron dragon (Depths:3)
  2 balrugs
  2 ghost moths
  18 vault wardens
  8 draconian annihilators
  A caustic shrike zombie (Crypt:3)
  2 deep elf elementalists
  Louise (Swamp:2)
  9 draconian scorchers
  8 draconian stormcallers
  3 formless jellyfish
  7 curse skulls
  An orc warlord (Vaults:4)
  The ghost of Lemonizer the Fighter, a journeyman GnWn of Jiyva (Lair:5)
  A demonspawn corrupter (D:10)
  2 ghouls (Crypt:1)
  6 reapers
  A spriggan defender (Depths:2)
  26 ironbound preservers
  23 very ugly things
  7 ironbound thunderhulks
  21 stone giants
  14 vampire knights
  13 deep elf death magi
  10 black draconians
  A caustic shrike skeleton (Depths:2)
  Nessos (D:13)
  7 deep elf demonologists
  10 yellow draconians
  5 war gargoyles
  7 bunyips
  7 green draconians
  2 dire elephants
  3 eleionomae
  8 white draconians
  29 purple draconians
  Azrael (D:13)
  7 red draconians
  22 eidola
  14 spark wasps
  6 deep elf annihilators
  Josephine (D:13)
  A crystal guardian (Vaults:4)
  8 jiangshi
  3 blizzard demons
  8 ettins
  3 mummy priests
  12 fire dragons
  An acid blob zombie (Crypt:2)
  An entropy weaver (shapeshifter) (Vaults:5)
  12 yaktaur captains
  2 shambling mangroves (Swamp:4)
  10 deep elf high priests
  An entropy weaver (Vaults:4)
  6 great orbs of eyes
  Erolcha (D:10)
  13 ice dragons
  5 salamander tyrants
  2 quicksilver dragon skeletons
  7 rakshasas
  2 peacekeepers
  29 hydras
  2 ogre magi
  9 spriggan air magi
  40 vault guards
  A hell beast (Depths:2)
  6 alligators
  3 spriggan skeletons
  18 centaur warriors
  9 ironbound frosthearts
  3 ghost crabs
  2 catoblepae (Lair:5)
  8 anacondas
  A death knight (D:13)
  27 dancing weapons
  3 deep troll shamans
  11 two-headed ogres
  A satyr (Zot:1)
  13 vampire magi
  9 boulder beetles
  A tengu warrior (D:15)
  13 deep elf knights
  2 demonic crawlers (Elf:2)
  3 deep troll earth magi
  3 spriggan berserkers
  11 naga warriors
  A storm dragon zombie (Depths:1)
  15 naga sharpshooters
  15 death yaks
  7 shock serpents
  7 soul eaters
  4 orc high priests
  Sonja (Lair:5)
  3 sun demons
  8 goliath frogs
  12 hell knights
  3 salamander mystics
  A storm dragon skeleton (Crypt:1)
  3 sixfirhies
  A bunyip zombie (Crypt:3)
  8 spriggan druids
  3 skysharks
  11 swamp dragons
  5 skeletal warriors
  46 deep trolls
  4 flayed ghosts
  5 naga ritualists
  An orb spider (shapeshifter) (Vaults:4)
  A quicksilver dragon simulacrum (Depths:2)
  A shadow demon (D:10)
  9 mana vipers
  An anaconda zombie (Crypt:3)
  4 death drakes (WizLab)
  6 bog bodies
  5 glowing orange brains
  2 steelbarb worms (Zot:4)
  A tengu zombie (Vaults:5)
  20 phantasmal warriors
  5 arcanists
  12 deep elf archers
  A sea snake (shapeshifter) (Vaults:5)
  An obsidian statue (D:14)
  9 harpies
  21 ironbound convokers
  4 orc knights
  42 deep elf zephyrmancers
  12 lindwurms
  19 necromancers
  41 deep elf pyromancers
  A tengu skeleton (Depths:1)
  A shining eye (shapeshifter) (Vaults:5)
  24 moths of wrath
  An alligator skeleton (Crypt:3)
  An iron dragon zombie (Crypt:3)
  A manticore (shapeshifter) (Depths:3)
  A shadow dragon skeleton (Crypt:1)
  5 manticores
  A fire giant skeleton (Depths:1)
  9 orc sorcerers
  6 will-o-the-wisps
  34 ugly things
  A meliai (shapeshifter) (Vaults:5)
  A moth of wrath (shapeshifter) (Vaults:5)
  7 salamanders
  3 wolf spiders (Crypt:3)
  A stone giant zombie (Crypt:3)
  19 vault sentinels
  40 black mambas
  5 elephants
  A dire elephant zombie (Crypt:3)
  2 apocalypse crabs (WizLab)
  3 kobold blastminers (Orc:1)
  A smoke demon (Depths:4)
  15 naga magi
  3 centaur zombies
  A storm dragon simulacrum (Depths:2)
  3 gargoyles
  8 guardian serpents
  A water nymph (shapeshifter) (Vaults:5)
  17 cane toads
  A centaur skeleton (Crypt:3)
  An unseen horror (D:12)
  6 torpor snails (Lair:5)
  2 dire elephant skeletons
  8 komodo dragons
  2 efreet
  3 rime drakes
  A redback zombie (D:15)
  29 yaktaurs
  15 freezing wraiths
  Jeremiah (D:7)
  An iron troll zombie (Crypt:2)
  Maggie (D:10)
  A guardian mummy (Crypt:3)
  6 tengu conjurers
  A harpy zombie (Crypt:3)
  A grey draconian skeleton (Crypt:1)
  A great orb of eyes zombie (Crypt:2)
  6 trolls
  2 hydra zombies (Crypt:3)
  2 polar bears
  3 wind drakes (WizLab)
  A tengu simulacrum (Vaults:5)
  Grinder (D:5)
  A queen bee (D:9)
  20 hornets
  A harpy skeleton (Crypt:3)
  11 tyrant leeches
  Prince Ribbit (D:5)
  13 hellwings (Crypt:3)
  6 dream sheep
  3 spriggan zombies
  A blink frog (shapeshifter) (Depths:3)
  16 blink frogs
  46 slime creatures
  2 glass eyes
  2 jumping spiders (Crypt:3)
  2 black mamba zombies (Crypt:3)
  A vampire (D:13)
  13 air elementals
  12 spriggans
  20 wraiths
  A culicivora (Vaults:4)
  A ynoxinul (Depths:2)
  A fire dragon skeleton (Crypt:3)
  33 yaks
  An ushabti (Crypt:3)
  6 wyverns
  4 basilisks
  2 steam dragons
  5 fire elementals
  A neqoxec (Depths:4)
  A water elemental (Depths:4)
  A spriggan simulacrum (Depths:2)
  5 redbacks
  12 vampire mosquitoes
  3 wargs
  Edmund (D:6)
  35 nagas
  15 water moccasins
  A demonspawn zombie (Crypt:3)
  A glowing shapeshifter zombie (Depths:1)
  A cane toad zombie (Crypt:2)
  14 swamp worms
  4 hell hounds (D:13)
  An acid dragon (D:10)
  Duvessa (D:4)
  A naga skeleton (Crypt:3)
  A fire bat skeleton (Crypt:1)
  11 swamp drakes
  2 ice beasts
  41 orc warriors
  A sky beast (D:7)
  2 black bears
  28 laughing skulls
  14 ogres
  A crocodile (Sewer)
  26 wolves
  16 centaurs
  A phantom (D:6)
  A draconian zombie (Crypt:1)
  13 bullfrogs
  5 kobold brigands
  3 gnoll sergeants
  A scorpion (D:4)
  4 wights (D:8)
  9 wyvern skeletons (Crypt:3)
  Dowan (D:4)
  31 killer bees
  8 electric eels
  2 howler monkeys
  2 lava snakes (Lair:4)
  3 bombardier beetles
  3 hounds
  3 jellies
  29 orc priests
  An iguana (D:5)
  A scorpion zombie (Crypt:1)
  52 orc wizards
  7 hell rats (Lair:3)
  An ogre zombie (Crypt:1)
  3 naga zombies
  4 mummies
  9 gnolls
  9 adders
  A shadow imp (D:5)
  A white imp (D:5)
  3 ribbon worms
  2 dart slugs
  90 orcs
  9 ball pythons
  2 bats (D:1)
  6 endoplasms
  8 giant cockroaches
  7 goblins
  4 hobgoblins
  9 jackals
  14 kobolds
  6 quokkas
  3 training dummies (Elf:3)
  2 frilled lizards
  A jackal skeleton (Crypt:2)
  A quokka zombie (Crypt:1)
  7 rats
  4 aspiring fleshes
2452 creatures vanquished.

Vanquished Creatures (collateral kills)
  2 liches (Depths:2)
  The ghost of Xoedokom the Brawler, an adept TrMo of Nemelex Xobeh (Depths:2)
  A deep elf sorcerer (Vaults:3)
  An ironbound preserver (Vaults:1)
  A deep elf death mage (Elf:3)
  An ironbound frostheart (Vaults:1)
  A centaur warrior (Vaults:1)
  4 deep trolls (Vaults:1)
  An ironbound convoker (Vaults:3)
  A yaktaur (Vaults:1)
14 creatures vanquished.

Vanquished Creatures (others)
  A tentacled monstrosity (Vaults:5)
  A lich (Depths:4)
  A fire dragon (Depths:4)
  A spriggan air mage (Swamp:4)
  A dancing weapon (Elf:1)
  A naga warrior (Snake:2)
  A spriggan berserker (Swamp:2)
  A deep elf knight (Elf:2)
  A tengu zombie (Depths:2)
  A deep elf zephyrmancer (Elf:1)
  6 bloated husks
  A glass eye (Depths:3)
  A water elemental (Depths:4)
  A spriggan (Swamp:2)
  An orc warrior (Elf:2)
  2 orcs
  36 foxfires
  2 starspawn tentacles (D:10)
60 creatures vanquished.

Grand Total: 2526 creatures vanquished

Notes
Turn   | Place    | Note
-------+----------+-------------------------------------------
     0 | D:1      | kftrendy the Vine Stalker Berserker began the quest for the
                  | Orb.
     0 | D:1      | Reached XP level 1. HP: 11/11 MP: 2/2
   160 | D:1      | Reached XP level 2. HP: 15/16 MP: 3/3
   729 | D:2      | Reached XP level 3. HP: 19/19 MP: 4/4
   972 | D:2      | Reached ** piety under Trog
  1221 | D:2      | Found a faded altar of an unknown god.
  1241 | D:2      | You fall into a shaft and drop 2 floors!
  1297 | D:4      | Reached XP level 4. HP: 24/24 MP: 5/5
  1351 | D:4      | Found Wumuvim's Weapon Emporium.
  1480 | D:4      | Reached XP level 5. HP: 26/28 MP: 4/6
  1624 | D:4      | Noticed an orc warrior
  1633 | D:4      | Killed an orc warrior
  1638 | D:4      | Reached XP level 6. HP: 21/32 MP: 7/7
  1822 | D:4      | Found a staircase to the Ecumenical Temple.
  1895 | D:4      | Identified the ring "Iliuresu" {rPois rC++ Will+ Str+6
                  | Int-4}
  1949 | D:4      | Noticed a moth of wrath
  1951 | D:4      | Found a bloodstained altar of Trog.
  2245 | D:5      | Entered Level 5 of the Dungeon
  2248 | D:5      | Found a glowing drain.
  2279 | Sewer    | Entered a sewer
  2351 | Sewer    | Reached XP level 7. HP: 37/37 MP: 6/8
  2478 | D:5      | Reached skill level 5 in Short Blades
  2906 | D:3      | Found a hide-covered altar of Uskayaw.
  3032 | D:3      | Identified the +7 hand axe "Kagaemyi" {freeze, ^Fragile
                  | rCorr Int+8 Dex-4}
  3228 | D:5      | Identified a scroll of acquirement
  3228 | D:5      | Acquired an amulet of faith
  3262 | D:5      | Noticed Grinder
  3301 | D:5      | Killed Grinder
  3362 | D:5      | Noticed Prince Ribbit
  3377 | D:5      | Killed Prince Ribbit
  3378 | D:5      | Gained mutation: You have razor-sharp teeth. [Vine Stalker
                  | growth]
  3378 | D:5      | Reached XP level 8. HP: 24/42 MP: 7/9
  3413 | D:5      | Noticed Duvessa
  3417 | D:5      | Noticed Dowan
  3437 | D:4      | Killed Duvessa
  3440 | D:4      | Killed Dowan
  3566 | D:5      | Found a snail-covered altar of Cheibriados.
  3649 | D:5      | Found a glowing golden altar of the Shining One.
  4163 | D:5      | Reached skill level 5 in Fighting
  4288 | D:6      | Reached XP level 9. HP: 47/47 MP: 8/10
  4405 | D:6      | Reached *** piety under Trog
  4646 | D:6      | Noticed Edmund
  4692 | D:6      | Killed Edmund
  5576 | D:7      | Found a stormy altar of Qazlal.
  5576 | D:7      | Found a white marble altar of Elyvilon.
  5589 | D:7      | Reached skill level 5 in Armour
  5656 | D:7      | Reached skill level 5 in Dodging
  5937 | D:7      | Noticed Jeremiah
  5982 | D:7      | Killed Jeremiah
  6100 | D:8      | Reached XP level 10. HP: 20/53 MP: 5/11
  6101 | D:8      | Reached **** piety under Trog
  6503 | D:8      | Found an ancient bone altar of Kikubaaqudgha.
  6547 | D:8      | Found a glowing silver altar of Zin.
  7456 | D:9      | Found a flagged portal.
  7479 | Bailey   | Entered a bailey
  7931 | Bailey   | Noticed a two-headed ogre
  7943 | Bailey   | Killed a two-headed ogre
  7944 | Bailey   | Reached skill level 10 in Short Blades
  7944 | Bailey   | Reached XP level 11. HP: 58/58 MP: 12/12
  8102 | D:9      | Found a staircase to the Orcish Mines.
  8314 | D:9      | Noticed a two-headed ogre
  8320 | D:9      | Killed a two-headed ogre
  8367 | D:9      | Reached ***** piety under Trog
  8653 | D:10     | Entered Level 10 of the Dungeon
  9147 | D:10     | Noticed Maggie
  9160 | D:10     | Killed Maggie
  9238 | D:10     | Found a staircase to the Lair.
  9279 | D:10     | Noticed Erolcha
  9287 | D:10     | Killed Erolcha
  9665 | Lair:1   | Entered Level 1 of the Lair of Beasts
  9772 | Lair:1   | Identified the +11 war axe of Fujuufah {freeze, Fly rElec
                  | rN+ Dex+3}
  9814 | Lair:1   | Reached XP level 12. HP: 65/65 MP: 10/13
  9833 | Lair:1   | Received a gift from Trog
 10274 | Lair:1   | You fall into a shaft and drop 1 floor!
 10416 | Lair:2   | Found a staircase to the Swamp.
 11641 | Lair:2   | Noticed Gastronok
 11667 | Lair:2   | Killed Gastronok
 12221 | Lair:3   | Received a gift from Trog
 12259 | Lair:3   | Reached XP level 13. HP: 69/70 MP: 14/14
 12661 | Lair:3   | Found a staircase to the Snake Pit.
 13828 | Lair:4   | Reached skill level 10 in Fighting
 14010 | Lair:4   | Found a staircase to the Slime Pits.
 14309 | Lair:5   | Entered Level 5 of the Lair of Beasts
 14315 | Lair:5   | Received a gift from Trog
 14367 | Slime:1  | Entered Level 1 of the Pits of Slime
 14367 | Slime:1  | Noticed a formless jellyfish
 14367 | Slime:1  | Noticed an acid blob
 14368 | Slime:1  | Noticed a formless jellyfish
 14374 | Lair:4   | Killed an acid blob
 14684 | Lair:5   | Reached XP level 14. HP: 69/77 MP: 15/15
 15308 | Lair:5   | Noticed Sonja
 15318 | Lair:5   | Killed Sonja
 15429 | Lair:5   | Reached skill level 10 in Armour
 15435 | Lair:5   | Reached skill level 10 in Dodging
 15731 | Lair:5   | Found a runed translucent gate.
 15752 | Lair:5   | Found a runed translucent gate.
 15752 | Lair:5   | Found a runed translucent gate.
 15753 | Lair:5   | Noticed Lemonizer's ghost (journeyman GnWn)
 15772 | Lair:5   | Reached skill level 1 in Evocations
 16610 | Lair:5   | Identified the ring of the Final Decision {^Contam +Blink
                  | rC+ rCorr Int+2}
 16716 | Lair:5   | Acquired the ring of Noon {EV+5 Dex+4 SInv}
 16886 | Orc:1    | Entered Level 1 of the Orcish Mines
 16909 | Orc:1    | Received a gift from Trog
 17455 | Orc:2    | Entered Level 2 of the Orcish Mines
 17460 | Orc:2    | Found a staircase to the Elven Halls.
 17874 | Orc:2    | Identified the +9 short sword of False Accusations {heavy,
                  | Str-3 Dex+5} (Trog gifted it to you on level 2 of the
                  | Orcish Mines)
 17874 | Orc:2    | Received a gift from Trog
 18080 | Orc:2    | Reached XP level 15. HP: 82/84 MP: 16/16
 18282 | Orc:2    | Received a gift from Trog
 18569 | Orc:2    | Found Isuemocufo's Weapon Emporium.
 18569 | Orc:2    | Found Qopikof's Distillery.
 18569 | Orc:2    | Found Durures's Assorted Antiques.
 18576 | Orc:2    | Found Xescheafoni's General Store.
 19546 | D:12     | Reached ****** piety under Trog
 19547 | D:12     | Received a gift from Trog
 20025 | D:13     | Noticed Josephine
 20040 | D:13     | Killed Josephine
 20093 | D:13     | Reached skill level 5 in Evocations
 20207 | D:13     | Noticed Azrael
 20239 | D:13     | Noticed Nessos
 20240 | D:13     | Killed Azrael
 20248 | D:13     | Killed Nessos
 20249 | D:13     | Reached skill level 1 in Shields
 20427 | D:13     | Received a gift from Trog
 20694 | D:13     | Noticed Rupert
 20701 | D:13     | Killed Rupert
 21004 | D:14     | Reached skill level 2 in Shields
 21162 | D:14     | Found a shadowy altar of Dithmenos.
 21229 | D:14     | Found a gate to the Vaults.
 21690 | D:14     | Reached skill level 3 in Shields
 21936 | D:15     | Entered Level 15 of the Dungeon
 21945 | D:15     | Reached XP level 16. HP: 90/90 MP: 17/17
 22278 | D:15     | Found a staircase to the Depths.
 22590 | D:15     | Found a radiant altar of Vehumet.
 22611 | D:15     | Reached skill level 4 in Shields
 23050 | Snake:1  | Entered Level 1 of the Snake Pit
 23057 | Lair:3   | Acquired the +2 pair of gloves "Jalut" {Rampage Dex+3}
 23262 | Snake:1  | Found a runed translucent door.
 23316 | Snake:1  | Received a gift from Trog
 23936 | Snake:1  | Identified the +6 mace "Lifebane" {flame, *Noise rC++
                  | Dex+3}
 24098 | Snake:2  | Found Reryn's Self-Improvement Boutique.
 24117 | Snake:2  | Reached skill level 5 in Shields
 24993 | Snake:3  | Received a gift from Trog
 25165 | Snake:3  | Reached XP level 17. HP: 95/95 MP: 18/18
 26138 | Snake:3  | Found Oraunywn's Weapon Shop.
 26534 | Snake:4  | Entered Level 4 of the Snake Pit
 26589 | Snake:4  | Noticed Saint Roka
 26812 | Snake:4  | Killed Saint Roka
 26925 | Snake:4  | Found a shadowy altar of Dithmenos.
 28246 | Snake:4  | Received a gift from Trog
 28294 | Snake:4  | Noticed a quicksilver dragon
 28348 | Snake:4  | Killed a quicksilver dragon
 28406 | Snake:4  | Got a serpentine rune of Zot
 28696 | Elf:1    | Entered Level 1 of the Elven Halls
 28762 | Elf:1    | Noticed Nikola
 28770 | Elf:1    | Killed Nikola
 28771 | Elf:1    | Reached XP level 18. HP: 94/102 MP: 19/19
 28976 | Elf:1    | Paralysed by an air elemental for 1 turns
 29069 | Elf:1    | Noticed a Hell Sentinel
 29166 | Elf:1    | Found Hagesar's Assorted Antiques.
 29168 | Elf:1    | Found Xoama's Armour Shop.
 29170 | Elf:1    | Found Gettesem's Distillery.
 29174 | Elf:1    | Acquired an amulet of reflection
 29202 | Elf:1    | Reached skill level 10 in Evocations
 29214 | Elf:1    | Bought +0 storm dragon scales for 1440 gold pieces
 29439 | Elf:1    | Identified the +0 cloak of Wineriec {rC+ rN+ Regen+ Str-5}
 30343 | Elf:2    | Found a runed translucent gate.
 30343 | Elf:2    | Found a runed translucent gate.
 30343 | Elf:2    | Found a runed translucent gate.
 30402 | Elf:2    | Found a radiant altar of Vehumet.
 30623 | Elf:2    | Reached skill level 15 in Fighting
 30633 | Elf:2    | Identified the +10 short sword of Trog's Hope {flame, rPois
                  | Dex+3 Stlth+} (Trog gifted it to you on level 2 of the
                  | Elven Halls)
 30633 | Elf:2    | Received a gift from Trog
 30637 | Elf:2    | Found a shimmering blue altar of Sif Muna.
 31205 | Swamp:1  | Entered Level 1 of the Swamp
 31772 | Swamp:2  | Noticed Louise
 31869 | Swamp:2  | Killed Louise
 31870 | Swamp:2  | Reached XP level 19. HP: 108/108 MP: 20/20
 32261 | Swamp:2  | Identified the staff of Gallantry {*Slow rC+ Int+2 Conj}
 32574 | Swamp:2  | Received a gift from Trog
 33018 | Swamp:3  | Found an ancient bone altar of Kikubaaqudgha.
 33394 | Swamp:4  | Entered Level 4 of the Swamp
 34016 | Swamp:4  | Noticed Donald
 34040 | Swamp:4  | Killed Donald
 34466 | Swamp:4  | Got a decaying rune of Zot
 34774 | Vaults:1 | Entered Level 1 of the Vaults
 34784 | Vaults:1 | Reached skill level 6 in Shields
 34947 | Vaults:1 | Found a magical portal.
 34971 | WizLab   | Entered The Chambers of the Cloud Mage
 34976 | WizLab   | Paralysed by an air elemental for 1 turns
 35007 | WizLab   | Paralysed by an air elemental for 1 turns
 35020 | WizLab   | Paralysed by an air elemental for 1 turns
 35035 | WizLab   | Reached XP level 20. HP: 41/114 MP: 21/21
 35137 | WizLab   | Paralysed by an air elemental for 1 turns
 35274 | WizLab   | Paralysed by an air elemental for 1 turns
 35311 | WizLab   | Paralysed by an air elemental for 1 turns
 35336 | WizLab   | Paralysed by an air elemental for 1 turns
 35766 | WizLab   | Noticed Wanaive
 35783 | WizLab   | Killed Wanaive the Cloud Mage
 35794 | WizLab   | Paralysed by an air elemental for 1 turns
 35867 | WizLab   | Identified the ring "Valolov" {Fly rN+ Will- Dex+2}
 35872 | WizLab   | Identified the +6 quarterstaff of Malaise {flame, Int+3
                  | SInv}
 35978 | Vaults:1 | Reached skill level 7 in Shields
 36217 | Vaults:1 | Reached skill level 15 in Armour
 36295 | Vaults:1 | Reached skill level 8 in Shields
 36318 | Vaults:1 | Reached skill level 15 in Dodging
 36407 | Vaults:1 | Received a gift from Trog
 36851 | Vaults:1 | Reached skill level 9 in Shields
 36873 | Vaults:1 | Acquired a manual of Armour
 37319 | Vaults:2 | Found a staircase to the Crypt.
 37574 | Vaults:2 | Reached XP level 21. HP: 120/120 MP: 22/22
 37902 | Vaults:2 | Identified the +7 orcbow of Kuaxism {elec, *Slow rPois
                  | Will+++ SInv}
 37923 | Vaults:2 | Identified the +11 dagger of Rigoh {heavy, Will+ Dex+4}
                  | (Trog gifted it to you on level 2 of the Vaults)
 37923 | Vaults:2 | Received a gift from Trog
 38698 | Vaults:2 | Reached skill level 10 in Shields
 39111 | Crypt:1  | Entered Level 1 of the Crypt
 39882 | Vaults:3 | Received a gift from Trog
 41453 | Vaults:4 | Found a flickering gateway to a bazaar.
 41462 | Bazaar   | Entered a bazaar
 41462 | Bazaar   | Found Dungav's Distillery.
 41462 | Bazaar   | Found Anabraewn's General Store.
 41462 | Bazaar   | Found Kulusiaf's Weapon Shop.
 41464 | Bazaar   | Found Toomod's Armour Emporium.
 41464 | Bazaar   | Found Cityjer's Antique Weapon Shop.
 41512 | Bazaar   | Bought a scroll of blinking for 82 gold pieces
 41512 | Bazaar   | Bought a scroll of enchant armour for 82 gold pieces
 41520 | Bazaar   | Bought a potion of curing for 42 gold pieces
 41520 | Bazaar   | Bought a potion of mutation for 112 gold pieces
 41520 | Bazaar   | Bought a potion of haste for 140 gold pieces
 41591 | Vaults:4 | Reached skill level 11 in Shields
 41962 | Vaults:4 | Reached XP level 22. HP: 127/127 MP: 23/23
 42173 | Vaults:4 | Identified the +3 dagger of the Big Fish {heavy, Stlth+}
                  | (Trog gifted it to you on level 4 of the Vaults)
 42173 | Vaults:4 | Received a gift from Trog
 43006 | Depths:1 | Entered Level 1 of the Depths
 43041 | D:15     | Reached skill level 12 in Shields
 43093 | Depths:1 | Found a transporter.
 43094 | Depths:1 | Found a transporter.
 43109 | Depths:1 | Found a transporter.
 43157 | Depths:1 | Found a transporter.
 43237 | Depths:1 | Found a one-way gateway to a ziggurat.
 43532 | Depths:1 | Found a gateway to Hell.
 43572 | Depths:1 | Found a one-way gate to the infinite horrors of the Abyss.
 43728 | Depths:1 | Received a gift from Trog
 44140 | Depths:2 | Found a runed translucent gate.
 44141 | Depths:2 | Found a runed translucent gate.
 44141 | Depths:2 | Found a runed translucent gate.
 44142 | Depths:2 | Found an ancient bone altar of Kikubaaqudgha.
 44142 | Depths:2 | Noticed a dread lich
 44142 | Depths:2 | Noticed Xoedokom's ghost (adept TrMo)
 44695 | Depths:2 | Reached skill level 13 in Shields
 44889 | Depths:2 | Received a gift from Trog
 44907 | Depths:2 | Reached XP level 23. HP: 133/133 MP: 24/24
 45385 | Depths:2 | Found a one-way gate leading to the halls of Pandemonium.
 45836 | Lair:5   | Killed Lemonizer's ghost
 46143 | Elf:2    | Noticed Zenata
 46159 | Elf:2    | Killed Zenata
 46231 | Elf:2    | Received a gift from Trog
 46293 | Elf:2    | Reached skill level 14 in Shields
 47044 | Depths:3 | Identified the +1 scale mail "Afrexyih" {rElec rF+ Regen+
                  | MP-9}
 47053 | Depths:3 | Found a hazy altar of Hepliaklqana.
 47058 | Depths:3 | Found a glowing silver altar of Zin.
 47058 | Depths:3 | Found a bloodstained altar of Trog.
 47058 | Depths:3 | Found a radiant altar of Vehumet.
 47140 | Depths:3 | Identified the +5 war axe of Agony {venom, ^Contam rPois
                  | Int+8 SInv}
 47217 | Depths:3 | Identified the +9 short sword "Buxunos" {pain, rPois Int+2}
 47662 | Depths:3 | Found Guukasse's Book Shoppe.
 47680 | Depths:3 | Identified the orb of Nelen {*channel, ^Drain rElec rN+
                  | Earth}
 47680 | Depths:3 | Noticed Frederick
 47699 | Depths:3 | Killed Frederick
 47746 | Depths:3 | Received a gift from Trog
 48094 | Depths:4 | Entered Level 4 of the Depths
 48191 | Depths:4 | Found a basalt altar of Yredelemnul.
 48251 | Depths:4 | Reached skill level 15 in Shields
 48327 | Depths:4 | Found a gate to the Realm of Zot.
 48354 | Depths:4 | Reached XP level 24. HP: 81/139 MP: 24/24
 48557 | Depths:4 | Noticed a caustic shrike
 48557 | Depths:4 | Noticed a caustic shrike
 48557 | Depths:4 | Noticed a caustic shrike
 48557 | Depths:4 | Noticed a caustic shrike
 48557 | Depths:4 | Noticed a caustic shrike
 48562 | Depths:4 | Killed a caustic shrike
 48564 | Depths:4 | Killed a caustic shrike
 48570 | Depths:4 | Killed a caustic shrike
 48574 | Depths:4 | Killed a caustic shrike
 48577 | Depths:4 | Killed a caustic shrike
 48643 | Depths:4 | Found a portal to a secret trove of treasure.
 48688 | Depths:4 | Noticed Vv
 48736 | Depths:4 | Killed Vv
 48753 | Depths:4 | Found Yretaa's Armour Boutique.
 48763 | Depths:4 | Identified the +11 long sword "Ohen" {speed, Will+}
 49165 | Depths:4 | Identified the +5 scimitar "Zetauhan" {antimagic, rPois}
 49479 | Depths:4 | Found a corrupted altar of Lugonu.
 50056 | Depths:4 | You paid a toll of a +7 demon trident to enter a treasure
                  | trove
 50057 | Trove    | Entered a treasure trove
 50101 | Trove    | Identified the +2 pair of gloves of the Cockroach {rElec
                  | rF++ rCorr Str-5}
 50106 | Trove    | Identified the +0 pair of gloves "Noxzoinas" {*Slow rF+ rC+
                  | Regen+}
 50589 | Depths:2 | Killed a dread lich
 50600 | Depths:2 | Received a gift from Trog
 50602 | Depths:2 | Killed Xoedokom's ghost
 50632 | Depths:2 | Identified the +2 pair of boots of Dishonour {Harm rC-
                  | Str+4}
 50636 | Depths:2 | Identified the ring of Gotrioda {rC- Will+ Dex+3 Slay+3}
 51158 | Vaults:2 | Reached skill level 16 in Shields
 51335 | Vaults:5 | Entered Level 5 of the Vaults
 51456 | Vaults:5 | Noticed a dread lich
 51529 | Vaults:4 | Killed a dread lich
 51710 | Vaults:4 | Received a gift from Trog
 52058 | Vaults:4 | Reached XP level 25. HP: 19/141 MP: 8/24
 52283 | Vaults:5 | Reached skill level 17 in Shields
 52337 | Vaults:5 | Received a gift from Trog
 52439 | Vaults:5 | Got a silver rune of Zot
 52473 | Vaults:5 | Noticed an ancient lich
 52484 | Vaults:5 | Killed an ancient lich
 52613 | Vaults:5 | Identified the ring of Zoehoaxt {rC+ Will+ rCorr Dex-5
                  | SInv}
 52837 | Vaults:5 | Identified the +8 sling of Tyn Tuzu {heavy, Int+4}
 52921 | Vaults:5 | Identified the +8 trident "Pyiho" {spect, rN+ Str-5 Dex+2}
 53216 | Vaults:5 | Identified the +0 leather armour "Qufaa" {rPois rN+++ Str-5
                  | Int+7}
 53242 | Vaults:5 | Identified the +2 shortbow "Xupraoke" {flame, rF+++ rN+
                  | Stlth+}
 53868 | Zot:1    | Entered Level 1 of the Realm of Zot
 53959 | Zot:1    | Identified the +2 pair of gloves "Juedo" {Fly}
 54192 | Zot:1    | Identified the +10 rapier of Ygeorygu {heavy, rElec rC+
                  | rCorr Dex+2} (Trog gifted it to you on level 1 of the Realm
                  | of Zot)
 54192 | Zot:1    | Received a gift from Trog
 54709 | Zot:1    | Reached skill level 18 in Shields
 55081 | Zot:2    | Identified the +0 robe "Sebbadghi" {rPois Will++}
 55365 | Zot:2    | Received a gift from Trog
 55603 | Zot:2    | Reached XP level 26. HP: 151/151 MP: 24/24
 56039 | Zot:2    | Noticed a Killer Klown
 56062 | Zot:2    | Killed a Killer Klown
 56657 | Zot:3    | Noticed Grunn
 56672 | Zot:3    | Killed Grunn
 56744 | Zot:3    | Reached skill level 19 in Shields
 57043 | Zot:3    | Noticed an orb of fire
 57056 | Zot:3    | Gained mutation: You occasionally shout uncontrollably at
                  | your foes. [an orb of fire]
 57057 | Zot:3    | Gained mutation: Your system is resistant to poisons.
                  | (rPois) [an orb of fire]
 57058 | Zot:3    | Killed an orb of fire
 57093 | Zot:3    | Received a gift from Trog
 57565 | Zot:3    | You fall into a shaft and drop 1 floor!
 57589 | Zot:4    | Found a runed translucent gate.
 58276 | Zot:4    | Found a runed translucent gate.
 58277 | Zot:4    | Found a runed translucent gate.
 58279 | Zot:4    | Noticed Beuseq's ghost (master GnFi)
 59200 | Zot:5    | Entered Level 5 of the Realm of Zot
 59257 | Zot:4    | Reached skill level 20 in Shields
 59257 | Zot:4    | Reached XP level 27. HP: 150/158 MP: 24/24
 59456 | Zot:4    | Received a gift from Trog
 59938 | Zot:5    | Noticed an ancient lich
 59941 | Zot:5    | Noticed an orb of fire
 59946 | Zot:5    | Noticed an orb of fire
 59952 | Zot:4    | Gained mutation: You occasionally lose the ability to drink
                  | potions when taking damage. [an orb of fire]
 59964 | Zot:4    | Killed an orb of fire
 59970 | Zot:4    | Killed an ancient lich
 60004 | Zot:5    | Gained mutation: You are vulnerable to cold. (rC-) [an orb
                  | of fire]
 60037 | Zot:5    | Noticed an orb of fire
 60037 | Zot:5    | Gained mutation: You are occasionally teleported next to
                  | monsters. [an orb of fire]
 60037 | Zot:5    | Noticed an orb of fire
 60044 | Zot:5    | Noticed an orb of fire
 60045 | Zot:5    | Gained mutation: You expend magic power (3 MP) to
                  | strengthen your wands. [an orb of fire]
 60051 | Zot:5    | Killed an orb of fire
 60060 | Zot:5    | Killed an orb of fire
 60074 | Zot:5    | Gained mutation: You are weak. (Str -2) [an orb of fire]
 60076 | Zot:5    | Gained mutation: You are dopey. (Int -2) [an orb of fire]
 60077 | Zot:5    | Gained mutation: You are clumsy. (Dex -2) [an orb of fire]
 60080 | Zot:5    | Gained mutation: You are frail. (-10% HP) [an orb of fire]
 60090 | Zot:5    | Killed an orb of fire
 60108 | Zot:5    | Killed an orb of fire
 60595 | Depths:4 | Lost mutation: You are dopey. (Int -2) [potion of mutation]
 60595 | Depths:4 | Lost mutation: You are clumsy. (Dex -2) [potion of
                  | mutation]
 60595 | Depths:4 | Lost mutation: Your system is resistant to poisons. (rPois)
                  | [potion of mutation]
 60595 | Depths:4 | Gained mutation: You have a somewhat thin skeletal
                  | structure. (Dex +2, Stealth+) [potion of mutation]
 60596 | Depths:4 | Lost mutation: You occasionally shout uncontrollably at
                  | your foes. [potion of mutation]
 60596 | Depths:4 | Lost mutation: You are vulnerable to cold. (rC-) [potion of
                  | mutation]
 60596 | Depths:4 | Lost mutation: You expend magic power (3 MP) to strengthen
                  | your wands. [potion of mutation]
 60596 | Depths:4 | Gained mutation: Your spells are a little easier to cast,
                  | but a little less powerful. [potion of mutation]
 60596 | Depths:4 | Gained mutation: You have a pair of small horns on your
                  | head. [potion of mutation]
 60597 | Depths:4 | Lost mutation: You are frail. (-10% HP) [potion of
                  | mutation]
 60597 | Depths:4 | Lost mutation: You are weak. (Str -2) [potion of mutation]
 60597 | Depths:4 | Lost mutation: You occasionally lose the ability to drink
                  | potions when taking damage. [potion of mutation]
 60597 | Depths:4 | Lost mutation: You have a somewhat thin skeletal structure.
                  | (Dex +2, Stealth+) [potion of mutation]
 60598 | Depths:4 | Lost mutation: Your spells are a little easier to cast, but
                  | a little less powerful. [potion of mutation]
 60598 | Depths:4 | Lost mutation: You have a pair of small horns on your head.
                  | [potion of mutation]
 60598 | Depths:4 | Gained mutation: You possess an exceptional clarity of
                  | mind. [potion of mutation]
 60598 | Depths:4 | Gained mutation: Your mind is acute. (Int +4, Str/Dex -1)
                  | [potion of mutation]
 60599 | Depths:4 | Lost mutation: You possess an exceptional clarity of mind.
                  | [potion of mutation]
 60599 | Depths:4 | Lost mutation: You are occasionally teleported next to
                  | monsters. [potion of mutation]
 60599 | Depths:4 | Lost mutation: Your mind is acute. (Int +4, Str/Dex -1)
                  | [potion of mutation]
 60599 | Depths:4 | Gained mutation: You are partially covered in iridescent
                  | scales. (AC +2) [potion of mutation]
 60599 | Depths:4 | Gained mutation: Your flesh is heat resistant. (rF+)
                  | [potion of mutation]
 60741 | Zot:5    | Noticed an ancient lich
 60759 | Zot:5    | Killed an ancient lich
 61277 | Zot:5    | Noticed a dread lich
 61278 | Zot:5    | Noticed an orb of fire
 61278 | Zot:5    | Gained mutation: Your body sometimes deteriorates upon
                  | taking damage. [an orb of fire]
 61291 | Zot:5    | Killed a dread lich
 61303 | Zot:5    | Killed an orb of fire
 61432 | Zot:5    | Received a gift from Trog
 61442 | Zot:5    | Reached skill level 21 in Shields
 61491 | Zot:5    | Noticed an ancient lich
 61520 | Zot:5    | Killed an ancient lich
 62334 | Elf:3    | Entered Level 3 of the Elven Halls
 62411 | Elf:3    | Found Qeumn's Antique Weapon Shoppe.
 62442 | Elf:3    | Identified the +8 quarterstaff of Watchfulness {flame, Fly}
 62775 | Elf:3    | Identified the staff of Starshine {Fly rElec rPois rF+ rC-
                  | Str+3 Alchemy}
 62776 | Elf:3    | Identified the +6 scimitar "Vine Stalker's Foe" {freeze,
                  | rF+ rC- Will+ Dex+7 Stlth-}
 62786 | Elf:3    | Received a gift from Trog
 62791 | Elf:3    | Identified the ring of Zemec {rElec Int+6 Dex+5}
 62796 | Elf:3    | Identified the +4 hand axe of Uphetonk {freeze, rF- rN+
                  | rCorr Dex+3}
 62797 | Elf:3    | Identified the +5 trident of the Living Dead {freeze, *Rage
                  | rPois rCorr Str+4}
 62813 | Elf:3    | Identified the +2 ring mail "Safem" {rC+}
 62819 | Elf:3    | Identified the +7 spear of Pain and Death {spect, rC+ rCorr
                  | Str+3}
 62829 | Elf:3    | Identified the +4 scale mail "Urhus" {rF- rN++ SInv}
 62833 | Elf:3    | Identified the +8 chain mail of the Wild Haggis {Will+
                  | Str+3 Dex-3 Stlth+}
 62849 | Elf:3    | Identified the +9 spear of the Desert {heavy, rElec}
 63708 | Crypt:1  | Found a transporter.
 63754 | Crypt:1  | Found a transporter.
 64487 | Crypt:1  | Noticed a dread lich
 64530 | Crypt:1  | Received a gift from Trog
 64552 | Crypt:1  | Killed a dread lich
 64642 | Crypt:1  | Identified the +1 hat "Taoloiqu" {rPois rC- rN+++ Str+3}
 64659 | Crypt:1  | Identified the +8 dagger of Wyrd {holy, rElec rC+ rCorr}
 64765 | Crypt:2  | Reached skill level 22 in Shields
 64840 | Crypt:2  | Identified the ring of Wokkanwe {Fly rN+++ Will+ EV+5
                  | Int-5}
 65177 | Crypt:2  | Received a gift from Trog
 65297 | Crypt:2  | Found an ancient bone altar of Kikubaaqudgha.
 65297 | Crypt:2  | Noticed Xtahua
 65314 | Crypt:2  | Killed Xtahua
 65501 | Crypt:2  | Acquired a manual of Throwing
 65523 | Crypt:3  | Entered Level 3 of the Crypt
 65846 | Crypt:3  | Noticed Jory
 65875 | Crypt:3  | Killed Jory
 66005 | Crypt:3  | Found an ancient bone altar of Kikubaaqudgha.
 66026 | Crypt:3  | Identified the +9 short sword "Koawuiso" {flame, rPois
                  | Stlth+} (Trog gifted it to you on level 3 of the Crypt)
 66026 | Crypt:3  | Received a gift from Trog
 66572 | Crypt:3  | Identified the +9 plate armour of Pride {rElec Str+3}
 66781 | Crypt:3  | Found a staircase to the Tomb.
 66910 | Tomb:1   | Entered Level 1 of the Tomb of the Ancients
 67006 | Tomb:1   | Identified the +3 ring mail of Yxisut {*Corrode rN+ Will+}
 67177 | Tomb:1   | Noticed a royal mummy
 67179 | Tomb:1   | Noticed Khufu
 67180 | Tomb:1   | Noticed a royal mummy
 67180 | Tomb:1   | Noticed a royal mummy
 67197 | Tomb:1   | Killed Khufu
 67209 | Tomb:1   | Killed a royal mummy
 67216 | Tomb:1   | Killed a royal mummy
 67223 | Tomb:1   | Killed a royal mummy
 67722 | Crypt:3  | Received a gift from Trog
 67746 | Crypt:3  | Identified the +6 flail "Rotz" {heavy, rC- MP+9 Int+4}
 67747 | Crypt:3  | Noticed a dread lich
 67759 | Crypt:3  | Killed a dread lich
 68735 | Zot:5    | Got the Orb of Zot
 68752 | Zot:5    | Noticed Qius the pandemonium lord
 69157 | D:11     | Reached skill level 23 in Shields
 69431 | D:$      | Escaped with the Orb!

Illustrated notes

Levels and vault maps discovered:
D:1:      dpeg_arrival_ternary, layout_basic, minmay_domino_2
D:2:      layout_loops_ring, chequers_ecumenical_altar_island,
          chequers_serial_rivers_small_a
D:3:      layout_rooms, mainiacjoe_overflow_alcove_2
D:4:      minmay_evil_eye, layout_basic, tgw_trog,
          minmay_temple_entry_stoned_glass, serial_shops,
          nicolae_shop_behind_doors
D:5:      layout_loops_ring, mainiacjoe_overflow_alcove_1, lemuel_round_altar,
          gup_sewer_entry_glass, uniq_prince_ribbit1, uniq_grinder, uniq_duvessa
D:6:      layout_gridville, uniq_edmund
D:7:      layout_loops_ring, gammafunk_temple_overflow_wave, uniq_jeremiah
D:8:      layout_basic, mainiacjoe_overflow_surrounded_room,
          mainiacjoe_overflow_24_doors
D:9:      layout_roguey, kennysheep_orc_monster_closet_entryway, enter_bailey_4,
          special_room [special_room_bee]
D:10:     layout_gridville, erik_lair_orcish_takeover, uniq_erolcha, uniq_maggie
D:11:     layout_gridville
D:12:     layout_irregular_city
D:13:     layout_loops_ring, nicolae_houndstooth_variations, uniq_rupert,
          uniq_josephine, uniq_azrael, uniq_nessos
D:14:     layout_irregular_city, erik_vaults_2,
          nicolae_dithmenos_through_a_glass_darkly, minmay_statue_bubble
D:15:     grunt_enter_depths_magical_seal, layout_basic,
          nicolae_vehumet_radiance
Lair:1:   layout_regular_city, grunt_megastairs_4, serial_bayou_shore_b
Lair:2:   layout_regular_city, swamp_mist_pool, uniq_gastronok
Lair:3:   layout_chaotic_city, minmay_snake_entry_six_corridors,
          dreamdust_mushroom_princess, chequers_serial_rivers_small_3,
          serial_bayou_shore_a
Lair:4:   layout_loops_ring, slime_entry_1, nicolae_lair_liquid_snakes
Lair:5:   wormcave, layout_regular_city, hangedman_lair_in_review,
          gammafunk_ghost_hydra_chop, uniq_sonja
Swamp:1:  layout_basic_swamp, evilmike_swamp_ruin_house_1, swamp_pool_1_2
Swamp:2:  nzn_winding_woodlands_cross
          [nzn_winding_woodlands_5x15_pathside_ponds,
          nzn_winding_woodlands_5x15_pool, nzn_winding_woodlands_5x15_sawtooth,
          nzn_winding_woodlands_5x15_concentric,
          nzn_winding_woodlands_15x15_witchcraft], layout_falls_marsh,
          nicolae_swamp_bean_lake, infiniplex_staircase_pool, uniq_louise
Swamp:3:  layout_basic_swamp, nicolae_swamp_treefoil, swamp_pool_1_2,
          hangedman_swamp_blocks, lemuel_altar_in_water2
Swamp:4:  swamp, layout_basic_swamp, swamp_pool_3, nicolae_swamp_big_swirl,
          uniq_donald
Snake:1:  layout_misc_corridors, lightli_airlock
Snake:2:  layout_cave_town, nicolae_shop_self_help
Snake:3:  layout_basic, serial_shops, shop, serial_curves, eino_curves_04,
          eino_curves_02
Snake:4:  hellmonk_snake_rune_quicksilver_temple, layout_layer_cave,
          basic_altar, uniq_saint_roka
Slime:1:  layout_caves, nicolae_slime_getting_an_eyeful
Orc:1:    layout_caves
Orc:2:    st_orc_mages, layout_diamond_mine
Elf:1:    minmay_elf_arrival_summoners, layout_geoelf_diagonals,
          minmay_elf_sorcery, moated_statue, elves_outpost_lemuel,
          minmay_shop_star, uniq_nikola
Elf:2:    nicolae_elf_blades_crystal_corner, layout_gridlike,
          hangedman_feature_mirror, einodemon_crawler_minivault, uniq_zenata
Elf:3:    minmay_elf_hall_statues, layout_geoelf_diagonals, serial_shops, shop,
          nicolae_elf_archery_training
Vaults:1: lightli_enter_wizlab_magi_temple, vaults_dpeg_ring,
          grunt_vaults_bifocal, nicolae_vaults_meiosis,
          nicolae_vaults_security_offices_6, nicolae_vaults_apartment_1,
          hangedman_vaults_river_flow, nicolae_vaults_border_crossing,
          nicolae_vaults_storage_room_doors, nicolae_vaults_surprise_closet,
          v_misc_27, nicolae_vaults_tetromino_T_1,
          nicolae_vaults_trapezoid_lopsided_2, nicolae_vaults_trapezoid_1,
          nicolae_vaults_heart-shaped_vault, layout_vaults_maze_snakey
Vaults:2: v_misc_18, nicolae_vaults_little_squares_3,
          nicolae_vaults_network_periphery, nicolae_vaults_tetromino_T_2,
          minmay_crypt_entry_simple_corners, v_misc_28, vaults_standard_mumra_x,
          ontoclasm_vaults_eye, vaults_room_corners,
          nicolae_vaults_diagonal_hallway_8,
          hangedman_vaults_stretched_pinwheel, layout_vaults_omnigrid
Vaults:3: hangedman_vaults_snaps, v_misc_12, vaults_dpeg_hooks,
          nicolae_vaults_theta, nicolae_vaults_little_squares_2,
          grunt_vaults_hallway_long, v_pattern_5, nicolae_vaults_library_corner,
          layout_vaults_omnicross
Vaults:4: ontoclasm_vaults_decontamination, hangedman_vaults_nodes,
          nicolae_vaults_sightless_eye, vaults_room_hallway, v_misc_23,
          vaults_dpeg_diagonal, nicolae_vaults_storage_closets_3, v_misc_5,
          nicolae_vaults_octagons, nicolae_vaults_little_squares_5, v_misc_29,
          nicolae_vaults_little_squares_6, ontoclasm_vaults_loading_screen,
          nicolae_vaults_little_squares_2, layout_vaults_omnibox, serial_shops,
          bzr_entry_safe
Vaults:5
Crypt:1:  gammafunk_the_bubble [the_bubble_gammafunk_split],
          layout_misc_corridors, minivault_24, st_stairs_11,
          ebering_dispersal_statue_hall
Crypt:2:  cheibrodos_crypt_down_in_the_bonehoard, layout_rooms, uniq_xtahua
Crypt:3:  evilmike_haunted_forest, uniq_jory
Tomb:1:   uniq_khufu
Depths:1: layout_gridlike, enter_ziggurat_d, hell_entry, hex_medium,
          abyss_entry, nicolae_diode_quadrants
Depths:2: evilmike_diamond_2, layout_gridlike, grunt_mini_vestibule,
          gammafunk_ghost_crypt, kennysheep_nondescript, rand_demon_pan_entry_9,
          uniq_josephina
Depths:3: minmay_the_grid_octo_tiled_octocenter_mashed
          [minmay_the_grid_octo_clover_2, minmay_the_grid_octo_tetromino_candy,
          minmay_the_grid_octo_clover, minmay_the_grid_octo_shrine,
          minmay_the_grid_octo_prize_square_snowflake,
          minmay_the_grid_square_5x5_checkered_statues,
          minmay_the_grid_square_5x5_percent, minmay_the_grid_square_5x5_plus,
          minmay_the_grid_square_5x5_broken_cross], layout_honeycomb,
          rand_demon_pan_entry_7, hangedman_decor_diamond_cutter, serial_shops,
          nicolae_lakefront_shop, abyss_entry, hell_entry,
          infiniplex_staircase_trident, uniq_frederick
Depths:4: grunt_zot_entry_funnels, layout_gridlike,
          nicolae_trove_entry_isolated, abyss_entry_flame_altar, serial_shops,
          shop_fountains, rand_demon_pan_entry_1, yredelemnul_altar_generic,
          hell_entry, kennysheep_underground_church, uniq_vv
Zot:1:    layout_gridlike, bh_zot_lava_cross, regret_index_zotdec_carving_tricks
Zot:2:    cheibrodos_zot_enchanting_chambers, layout_cathedral_of_symmetry,
          regret_index_zotdec_onion_hex
Zot:3:    layout_basic, st_stairs_4, uniq_grunn
Zot:4:    layout_cathedral_of_symmetry, gammafunk_ghost_tricky_traps,
          regret_index_zotdec_wing_it, grunt_megastairs_3
Zot:5:    layout_misc_corridors

Skill      XL: |  1  2  3  4  5  6  7  8  9 10 11 12 13 14 15 16 17 18 19 20 21 22 23 24 25 26 27 |
---------------+----------------------------------------------------------------------------------+-----
Short Blades   | 3 4 5 7 8 10 11 12 14 | 14.0
Fighting       | 3 4 5 6 7 8 9 10 11 12 13 14 15 16 17 18 19 20 22 | 22.0
Armour         | 2 3 4 5 6 7 8 9 10 11 12 13 14 15 16 17 18 19 20 21 | 21.7
Dodging        | 2 3 4 5 6 7 8 9 10 11 12 13 14 15 16 17 18 20 | 20.3
Evocations     | 3 6 7 9 11 12 13 14 | 14.0
Shields        | 3 5 6 9 11 13 15 16 18 20 23 | 23.0

Action                     |  1- 3 |  4- 6 |  7- 9 | 10-12 | 13-15 | 16-18 | 19-21 | 22-24 | 25-27 || total
---------------------------+-------+-------+-------+-------+-------+-------+-------+-------+-------++-------
  Melee: Short sword       |   104 |   194 |   468 |  1205 |       |       |       |       |       ||  1971
         Bite              |    16 |    50 |   166 |   448 |  1101 |  1020 |  1401 |  1938 |  3415 ||  9555
         Punch             |     1 |     1 |     8 |    21 |     2 |       |       |       |       ||    33
         Quick blade       |       |       |       |     9 |  2406 |  2305 |  2648 |  3191 |  5406 || 15965
         War axe           |       |       |       |       |    24 |       |       |       |       ||    24
         Long sword        |       |       |       |       |       |       |       |    25 |       ||    25
  Throw: Boomerang         |       |       |       |       |       |       |    16 |    29 |    12 ||    57
 Invoke: Berserk           |       |     4 |     8 |    12 |    10 |    17 |    11 |     8 |    11 ||    81
         Trog's Hand       |       |       |     4 |     8 |    16 |    29 |    11 |    20 |    25 ||   113
         Brothers in Arms  |       |       |       |       |       |       |     3 |     1 |     1 ||     5
    Use: Scroll            |     3 |     1 |    10 |     8 |    12 |    11 |     6 |     7 |     8 ||    66
         Potion            |       |       |       |       |       |     1 |       |       |     8 ||     9
   Stab: Distracted        |       |       |       |       |     1 |       |       |       |       ||     1
 Armour: Chain mail        |    64 |   141 |   220 |   533 |   792 |   447 |       |       |       ||  2197
         Animal skin       |     3 |       |       |       |       |       |       |       |       ||     3
         Storm dragon scal |       |       |       |       |       |   128 |   592 |   433 |       ||  1153
         Crystal plate arm |       |       |       |       |       |       |       |   462 |   993 ||  1455
  Dodge: Dodged            |    33 |   102 |   145 |   402 |   554 |   494 |   673 |   729 |   558 ||  3690
  Block: Buckler           |       |       |       |       |   143 |    13 |       |       |       ||   156
         Kite shield       |       |       |       |       |       |   517 |     8 |       |       ||   525
         Reflection        |       |       |       |       |       |    41 |    82 |    64 |    48 ||   235
         Tower shield      |       |       |       |       |       |       |  1720 |  2099 |  2744 ||  6563
